 Dungeon Crawl Stone Soup version 0.28-a0-973-ga7f8b01127 (webtiles) character file.

Game seed: 423831825699857657

70 croobank the Sneak (level 4, 0/31 HPs)
             Began as an Octopode Monk on Dec 2, 2021.
             Was a Plaything of Xom.
             Constricted to death by a ball python (1 damage)
             ... on level 3 of the Dungeon.
             The game lasted 00:06:29 (2506 turns).

croobank the Sneak (Octopode Monk)                  Turns: 2506, Time: 00:06:29

Health: 0/31       AC:  1    Str: 12    XL:     4   Next: 22%
Magic:  4/4        EV: 11    Int: 12    God:    Xom [..*...]
Gold:   111        SH:  0    Dex: 14    Spells: 3/3 levels left

rFire   . . .      SeeInvis .   e - +0 war axe
rCold   . . .      Faith    .   (no shield)
rNeg    . . .      Spirit   .   (helmet restricted)
rPois   .          Reflect  .   (no amulet)
rElec   .          Harm     .   (no ring)
rCorr   .          Rampage  .   (no ring)
Will    .....                   (no ring)
Stlth   ++++......              (no ring)
HPRegen 0.10/turn               (no ring)
MPRegen 0.09/turn               (no ring)
                                (no ring)
                                (no ring)

@: lethally poisoned (0 -> -23), constricted
A: almost no armour, amphibious, 8 rings, camouflage 1, gelatinous body 1,
(nimble swimmer 1), tentacles
a: Renounce Religion


You were on level 3 of the Dungeon.
You worshipped Xom.
You were a toy of Xom.
You visited 1 branch of the dungeon, and saw 3 of its levels.

You collected 111 gold pieces.

Inventory:

Hand Weapons
 a - a +0 hand axe
 e - a +0 war axe (weapon)
 l - a +2 flail of protection
Missiles
 c - 44 stones (quivered)
 f - 38 sling bullets
 g - 6 boomerangs
 k - 25 bolts
Scrolls
 b - a scroll of identify
 i - a scroll of fog {unknown}
 j - a scroll of enchant weapon {unknown}
Potions
 d - a potion of haste
 m - a potion of degeneration {unknown}


   Skills:
 + Level 3.3 Fighting
 + Level 3.9 Axes
 + Level 3.2 Dodging
 + Level 4.2 Stealth


You had 3 spell levels left.
You didn't know any spells.
Your spell library was empty.

Dungeon Overview and Level Annotations

Branches:
Dungeon (3/15)

Altars:
Uskayaw
Xom


Innate Abilities, Weirdness & Mutations

You cannot wear most types of armour.
You are amphibious.
You can wear up to eight rings at the same time.
Your skin changes colour to match your surroundings (Stealth+).
Your rubbery body absorbs attacks. (AC +1, EV +1)
((You are camouflaged near water. (Stealth+)))
You have tentacles for arms and can constrict up to eight enemies at once.


Message History

There is a stone staircase leading down here. 2 orcs come into view.
The orc shouts!
You hear a shout!
The orc shouts!
You hear an angry hiss.
A ball python comes into view.
An orc comes into view. It is wielding a +0 dagger.
The orc shouts!
An orc wizard comes into view. It is wielding a +0 dagger.
The orc wizard moves out of view.
You hit the orc but do no damage. Your grab misses the orc.
The orc hits you with a +2 dagger of venom.
You are poisoned.
You hit the orc. You grab the orc.
The orc is heavily wounded.
You barely miss the ball python.
You constrict the orc, but do no damage.
You feel very sick.
The orc hits you with a +2 dagger of venom.
You are lethally poisoned!
The ball python closely misses you. The ball python barely misses you.
The orc struggles to escape constriction.
You closely miss the ball python. You grab the ball python.
You hit the orc but do no damage. You constrict the ball python.
You constrict the orc, but do no damage.
You feel extremely sick. The ball python barely misses you.
The ball python grabs you. The ball python constricts you.
The orc hits you with a +2 dagger of venom.
You are more poisoned.
The ball python barely misses you. The ball python constricts you.
* * * LOW HITPOINT WARNING * * *
It was a potion of cancellation.
You feel magically purged.
You constrict the ball python. You constrict the orc.
You kill the orc!
* * * LOW HITPOINT WARNING * * *
You feel very sick. The ball python bites you.
* * * LOW HITPOINT WARNING * * *
The ball python constricts you.
You die...
Xom laughs nastily!

.o ..# o ..#
#.##..### #
.####.#.....
..........#.# ..##
#...##### ...#
#........
#####.###....####
.......@oo>..#
........S....#
###########.##...###
....)..<# #.##...#
#######.###.###.##
#......†..#
#####.##### #...
#####


You could see 2 orcs and a ball python.

Vanquished Creatures
  2 adders (D:2)
  2 worms (D:2)
  An orc (D:3)
  8 ball pythons
  2 bats
  5 endoplasms
  3 giant cockroaches (D:1)
  2 goblins (D:2)
  A hobgoblin (D:1)
  3 jackals (D:2)
  5 quokkas
  3 frilled lizards
  4 kobolds
  2 rats (D:1)
43 creatures vanquished.

Vanquished Creatures (others)
  2 plants (D:1)
2 creatures vanquished.

Grand Total: 45 creatures vanquished

Notes
Turn   | Place    | Note
-------+----------+-------------------------------------------
     0 | D:1      | croobank the Octopode Monk began the quest for the Orb.
     0 | D:1      | Reached XP level 1. HP: 16/16 MP: 1/1
   421 | D:1      | Reached XP level 2. HP: 21/21 MP: 2/2
   571 | D:1      | Reached skill level 3 in Stealth
  1236 | D:1      | Reached XP level 3. HP: 25/26 MP: 3/3
  1463 | D:2      | Found a faded altar of an unknown god.
  1466 | D:2      | Prayed at the altar of an unknown god.
  1466 | D:2      | Became a worshipper of Xom of Chaos
  1668 | D:2      | Reached skill level 4 in Stealth
  1838 | D:2      | Reached XP level 4. HP: 30/31 MP: 4/4
  2000 | D:2      | XOM: silly message
  2135 | D:2      | Found a hide-covered altar of Uskayaw.
  2506 | D:3      | HP: 1/31 [ball python (2)]
  2506 | D:3      | Constricted to death by a ball python

Illustrated notes

Levels and vault maps discovered:
D:1:      dpeg_arrival_erosion, layout_loops_corners, grunt_decor_arrowhead,
          ebering_dispersal_statue_hall, minmay_shallow_snake_nest
D:2:      layout_basic, hellmonk_ecumenical_altar_inner_sanctum, basic_altar,
          minmay_misc_feat_tiny, nicolae_concentric_dashed_squares_mild,
          minmay_door_square
D:3:      layout_loops_ring, okawaru_metal_pillars_1_2, uniq_ijyb, uniq_grinder,
          uniq_jessica

Skill      XL: |  1  2  3 |
---------------+----------+-----
Stealth        | 3 4 |  4.2
Fighting       | |  3.3
Axes           | |  3.9
Dodging        | |  3.2

Action                   |  1- 3 |  4- 6 || total
-------------------------+-------+-------++-------
Melee: Hand axe          |    16 |       ||    16
       Tentacles         |     8 |     2 ||    10
       Constrict         |    11 |     3 ||    14
       War axe           |    41 |    20 ||    61
  Use: Scroll            |     1 |       ||     1
       Potion            |       |     1 ||     1
 Stab: Sleeping          |    18 |     4 ||    22
Armor: Skin              |     2 |     1 ||     3
Dodge: Dodged            |    30 |    13 ||    43

Table legend: (Time is in decaauts)
 A = Elapsed time spent in this place.
 B = Non-inter-level travel time spent in this place.
 C = Inter-level travel time spent in this place.
 D = Time resting spent in this place.
 E = Time spent auto-exploring this place.
 F = Levels seen in this place.
 G = Mean time per level.
                   A        B        C        D        E       F      G
               +--------+--------+--------+--------+--------+-----+--------+
         Total |   2527 |   2462 |     65 |    197 |   1823 |   3 |  842.3 |
       Dungeon |   2527 |   2462 |     65 |    197 |   1823 |   3 |  842.3 |
               +--------+--------+--------+--------+--------+-----+--------+

Top non-repeatable levels by time:
     D:1: 1419 daAuts
     D:2: 1077 daAuts
     D:3: 30 daAuts
